 Dungeon Crawl Stone Soup version 0.23-a0-644-gb60d84b (webtiles) character file.

110952 Calas the Warrior (level 16, 0/114 HPs)
             Began as a Gargoyle Fighter on Jan 1, 2019.
             Was the Champion of Okawaru.
             Shot with a bolt by a naga sharpshooter (20 damage)
             ... on level 1 of the Snake Pit.
             The game lasted 01:10:33 (35478 turns).

Calas the Warrior (Gargoyle Fighter)               Turns: 35478, Time: 01:10:34

Health: 0/114      AC: 32    Str: 24    XL:     16   Next: 56%
Magic:  21/21      EV:  8    Int: 15    God:    Okawaru [******]
Gold:   2049       SH: 16    Dex:  9    Spells: 15/15 levels left

rFire    + . .     SeeInvis .   T - +9 eveningstar (crush)
rCold    + . .     Gourm    .   q - +2 shield {rN+}
rNeg     + + .     Faith    .   W - +4 chain mail {rF+}
rPois    ∞         Spirit   .   G - +2 helmet {Int+3}
rElec    +         Reflect  .   E - +2 cloak {rPois}
rCorr    .         Harm     .   t - +0 pair of gloves
MR       ++...                  (no boots)
Stlth    ..........             D - amulet of magic regeneration
HPRegen  0.29/turn              o - ring of protection from magic
MPRegen  0.42/turn              H - ring of protection from cold

@: marked, flying
A: big wings, negative energy resistance 1, electricity resistance, unbreathing,
petrification resistance, rot immunity, AC +12
a: Stop Flying, Heroism, Finesse, Renounce Religion


You were on level 1 of the Snake Pit.
You worshipped Okawaru.
Okawaru was exalted by your worship.
You were hungry.

You visited 5 branches of the dungeon, and saw 25 of its levels.
You also visited: Ossuary, Bailey and Ice Cave.

You collected 2568 gold pieces.
You spent 519 gold pieces at shops.

Inventory:

Hand Weapons
 T - a +9 eveningstar of crushing (weapon)
Armour
 q - a +2 shield of positive energy (worn)
 t - a +0 pair of gloves (worn)
 E - a +2 cloak of poison resistance (worn)
 G - a +2 helmet of intelligence (worn)
 W - a +4 chain mail of fire resistance (worn)
Jewellery
 a - an uncursed ring of ice
 n - an uncursed amulet of rage
 o - a ring of protection from magic (left hand)
 D - an amulet of magic regeneration (around neck)
 H - a ring of protection from cold (right hand)
 U - an uncursed ring of fire
 X - a +2 amulet of reflection
 Y - a +3 ring of dexterity
 Z - an uncursed ring of protection from cold
Wands
 b - a wand of polymorph (8)
 c - a wand of flame (42)
 e - a wand of acid (17)
 x - a wand of paralysis (8)
 y - a wand of enslavement (6)
 L - a wand of iceblast (57)
Scrolls
 g - 5 scrolls of fear
 j - a scroll of magic mapping
 k - 10 scrolls of remove curse
 p - 8 scrolls of teleportation
 z - 4 scrolls of vulnerability
 A - a scroll of summoning
 C - 2 scrolls of immolation
 I - a scroll of silence
 J - 5 scrolls of enchant armour
 K - 3 scrolls of brand weapon
 O - 2 scrolls of torment
 Q - a scroll of amnesia
 S - a scroll of blinking
Potions
 d - 2 potions of might
 h - 9 potions of curing
 i - 6 potions of haste
 l - 2 potions of mutation
 m - 3 potions of cancellation
 r - 3 potions of lignification
 u - a potion of magic
 v - 4 potions of ambrosia
 w - 4 potions of brilliance
 B - 6 potions of heal wounds
 F - 3 potions of resistance
 N - 5 potions of agility
 P - 2 potions of berserk rage
 V - a potion of invisibility
Miscellaneous
 s - a lamp of fire
 R - a lightning rod (4/4)
Comestibles
 f - 46 rations


   Skills:
 - Level 18.2 Fighting
 + Level 15.2 Maces & Flails
 * Level 3.6 Armour
 - Level 16.5 Shields
 - Level 7.3 Invocations
 - Level 4.7 Evocations


You had 15 spell levels left.
You didn't know any spells.
Your spell library contained the following spells:

 Spells                   Type           Power        Failure   Level  Hunger
 Animate Skeleton         Necr           N/A          89%         1    ##.....
 Beastly Appendage        Tmut           #.....       89%         1    ##.....
 Corona                   Hex            #......      89%         1    ##.....
 Freeze                   Ice            #...         89%         1    ##.....
 Magic Dart               Conj           #...         89%         1    ##.....
 Pain                     Necr           #...         89%         1    ##.....
 Sandblast                Erth           #.....       89%         1    ##.....
 Shock                    Conj/Air       #...         89%         1    ##.....
 Ensorcelled Hibernation  Hex/Ice        #.....       96%         2    ###....
 Passwall                 Tmut/Erth      #.......     96%         2    ###....
 Searing Ray              Conj           #.....       96%         2    ###....
 Sticks to Snakes         Tmut           #.......     96%         2    ###....
 Swiftness                Chrm/Air       #.......     96%         2    ###....
 Throw Frost              Conj/Ice       #.....       96%         2    ###....
 Confuse                  Hex            #.......     99%         3    ####...
 Dazzling Spray           Conj/Hex       #.....       99%         3    ####...
 Ozocubu's Armour         Chrm/Ice       #.......     99%         3    ####...
 Regeneration             Chrm/Necr      #.........   99%         3    ####...
 Spider Form              Tmut/Pois      #.........   99%         3    ####...
 Static Discharge         Conj/Air       #.......     99%         3    ####...
 Stone Arrow              Conj/Erth      #.....       99%         3    ####...
 Tukima's Dance           Hex            #.......     99%         3    ####...
 Vampiric Draining        Necr           #.........   99%         3    ####...
 Airstrike                Air            #.........   100%        4    #####..
 Animate Dead             Necr           N/A          100%        4    #####..
 Force Lance              Conj/Tloc      #.......     100%        4    #####..
 Fulminant Prism          Conj/Hex       #.........   100%        4    #####..
 Ice Form                 Ice/Tmut       #.......     100%        4    #####..
 Iskenderun's Mystic Bla  Conj           #.......     100%        4    #####..
 Petrify                  Tmut/Erth      #.......     100%        4    #####..
 Summon Ice Beast         Ice/Summ       #.......     100%        4    #####..
 Throw Icicle             Conj/Ice       #.......     100%        4    #####..
 Blade Hands              Tmut           #.........   100%        5    ######.
 Lee's Rapid Deconstruct  Erth           #.........   100%        5    ######.
 Lightning Bolt           Conj/Air       #.........   100%        5    ######.


Dungeon Overview and Level Annotations

Branches:
Dungeon (15/15)            Temple (1/1) D:6            Lair (6/6) D:10
  Swamp (0/4) Lair:4        Snake (1/4) Lair:3        Slime (0/5) Lair:6
    Orc (2/2) D:9             Elf (0/3) Orc:2        Vaults (0/5) D:13
 Depths (0/5) D:15

Altars:
Ashenzari
Cheibriados
Dithmenos
Elyvilon
Fedhas
Gozag
Hepliaklqana
Kikubaaqudgha
Makhleb
Nemelex Xobeh
Okawaru
Qazlal
Ru
Sif Muna
Trog
Uskayaw
Vehumet
Wu Jian
Xom
Yredelemnul
Zin
The Shining One
Jiyva

Shops:
D:8 [   D:11 ?   Orc:1 [   Orc:2 (%[=*

Annotations:
D:3 3 runed doors, Phong's ghost, amateur OpVM


Innate Abilities, Weirdness & Mutations

You are resistant to torment.
Your stone body is resilient. (AC +12)
You are immune to poison.
Your large and strong wings let you fly indefinitely.
You resist negative energy. (rN+)
You are resistant to electric shocks. (rElec)
You can survive without breathing.
You are immune to petrification.
You are immune to rotting.


Message History

The shock serpent bites you but does no damage.
The naga sharpshooter pulls the alarm!
The alarm trap emits a blaring wail!
A sentinel's mark forms upon you.
You hear a shout!
You see here 2 bolts.
The shock serpent shoots out a bolt of lightning at you!
The bolt of electricity hits you! You resist.
The naga sharpshooter casts a spell.
The naga sharpshooter magically shoots a bolt.
The bolt hits you!!
* * * LOW HITPOINT WARNING * * *
The naga sharpshooter spits poison at you.
You block the splash of poison.
Found 14 sling bullets.
You see here 2 bolts.
The naga sharpshooter casts a spell.
The naga sharpshooter magically shoots a bolt.
The bolt hits you!!
You die...

#.(....## . ..#....##### ..
#.##.......## ..(###
#.####......# ..
.N...##...(.......## ..
...##..N(((..(......## ..
......NN(((.......#..# ..
.........#.S(........### ..
.......#.####@...##....#####..
#.%#####.. ##.#.........##...
## ##.. #..##....##.....# ##.
##..##.....(...## ..
(.............. ##
######....).).# ##......#..
##........#. ............


You could see 2 naga sharpshooters, a shock serpent and a naga.

Vanquished Creatures
  3 azure jellies (Lair:6)
  Nessos (Orc:2)
  3 dire elephants (Lair:6)
  A fire dragon (D:15)
  Josephine (D:12)
  An ice dragon (D:15)
  7 hydras
  4 vault guards (D:13)
  Fannar (D:10)
  3 centaur warriors
  A rakshasa (D:14)
  Erica (D:11)
  An ogre mage (D:15)
  2 catoblepae (D:13)
  9 two-headed ogres
  2 anacondas
  4 death yaks (Lair:5)
  8 orc high priests
  Urug (D:13)
  Sonja (Lair:4)
  A fire crab (Lair:6)
  A sea snake (shapeshifter) (D:15)
  A skeletal warrior (D:13)
  A death drake (shapeshifter) (D:13)
  An unseen horror (D:13)
  A necromancer (IceCv)
  3 orc sorcerers
  A cyclops (D:13)
  3 deep elf magi
  16 ugly things
  An oklob plant (D:10)
  7 orc knights
  A salamander (Snake:1)
  4 centaur zombies (D:13)
  3 manticores
  3 elephants (Lair:6)
  An ice statue (IceCv)
  2 molten gargoyles (Lair:5)
  A gargoyle (D:14)
  4 black mambas
  13 spiny frogs
  7 komodo dragons
  2 rime drakes
  A yaktaur (D:15)
  2 kobold demonologists
  2 efreet
  11 freezing wraiths
  2 ice devils (D:15)
  2 tengu conjurers (D:13)
  7 trolls
  3 polar bears (Lair:5)
  4 hornets
  A bog body (Lair:4)
  10 slime creatures (D:13)
  Prince Ribbit (D:6)
  19 blink frogs
  17 hippogriffs
  A spriggan (D:9)
  Sigmund (D:3)
  3 wyverns
  10 wraiths
  2 shadows
  A vampire (D:15)
  3 basilisks
  23 yaks
  5 hungry ghosts
  A vampire mosquito (D:13)
  Grum (D:9)
  Menkaure (D:5)
  2 steam dragons (D:11)
  5 nagas
  A soldier ant (D:11)
  3 acid dragons
  Duvessa (D:6)
  3 wargs
  8 water moccasins
  10 porcupines
  8 ice beasts
  2 black bears
  38 orc warriors
  2 phantoms
  3 sky beasts
  A necrophage (D:10)
  2 eyes of draining
  4 ogres
  22 wolves
  28 centaurs
  7 crocodiles
  A big kobold (D:12)
  Blork the orc (D:5)
  13 bullfrogs
  A wyvern zombie (D:13)
  Dowan (D:6)
  A wyvern skeleton (D:10)
  4 scorpions
  4 killer bees
  2 elephant simulacra (IceCv)
  3 wights (D:12)
  9 electric eels
  2 howler monkeys (D:7)
  10 crimson imps
  A bullfrog zombie (D:10)
  7 draconian simulacra (IceCv)
  5 lava snakes (Lair:5)
  3 hounds
  2 jellies
  36 orc priests
  Crazy Yiuf (D:3)
  10 centaur skeletons
  Ijyb (D:2)
  2 iguanas
  25 orc wizards
  2 spriggan simulacra (IceCv)
  14 worker ants
  A polar bear simulacrum (IceCv)
  A statue (D:9)
  5 troll simulacra (IceCv)
  A wolf simulacrum (IceCv)
  A big kobold zombie (Ossuary)
  3 centaur simulacra (IceCv)
  A hound zombie (D:8)
  A hound skeleton (D:4)
  4 mummies
  2 worker ant zombies
  8 gnolls
  3 naga simulacra (IceCv)
  11 adders
  4 shadow imps
  12 white imps (IceCv)
  An ooze (D:2)
  5 adder skeletons
  2 adder zombies
  4 worms
  A dart slug (D:4)
  5 leopard geckos
  74 orcs
  6 bats
  6 giant cockroaches
  18 goblins
  20 hobgoblins
  3 jackals (D:6)
  A quokka (D:2)
  A ball python (D:6)
  8 frilled lizards
  A gnoll zombie (Ossuary)
  2 goblin zombies (Ossuary)
  3 hobgoblin zombies (Ossuary)
  A jackal skeleton (D:4)
  18 kobolds
  5 kobold zombies
  An orc zombie (Ossuary)
  5 rats
  4 plants
831 creatures vanquished.

Vanquished Creatures (others)
  A centaur (D:14)
  A wyvern skeleton (D:13)
  2 orcs
  A goblin (Bailey)
  4 bushes (D:14)
  10 fungi
  3 plants
22 creatures vanquished.

Grand Total: 853 creatures vanquished

Notes
Turn   | Place    | Note
-------+----------+-------------------------------------------
     0 | D:1      | Calas the Gargoyle Fighter began the quest for the Orb.
     0 | D:1      | Reached XP level 1. HP: 14/14 MP: 1/1
   148 | D:1      | Reached XP level 2. HP: 15/19 MP: 2/2
   445 | D:1      | Reached XP level 3. HP: 23/24 MP: 3/3
   822 | D:2      | Reached skill level 4 in Fighting
   918 | D:2      | Found a sparkling altar of Nemelex Xobeh.
  1026 | D:2      | Reached XP level 4. HP: 27/29 MP: 4/4
  1058 | D:2      | Found a sparkling altar of Nemelex Xobeh.
  1405 | D:3      | Noticed Ijyb
  1438 | D:2      | Killed Ijyb
  1438 | D:2      | Reached XP level 5. HP: 22/34 MP: 5/5
  2089 | D:3      | Found a runed gate.
  2091 | D:3      | Found a runed gate.
  2091 | D:3      | Noticed Phong's ghost (amateur OpVM)
  2737 | D:3      | Noticed Sigmund
  2741 | D:3      | Killed Sigmund
  2741 | D:3      | Reached skill level 5 in Fighting
  2741 | D:3      | Reached skill level 5 in Shields
  2741 | D:3      | Reached XP level 6. HP: 40/40 MP: 6/6
  3063 | D:3      | Identified the +4 short sword of Ydosiv {pain, Str+4}
  3064 | D:3      | Found a runed gate.
  3210 | D:3      | Found an ornate altar of the Wu Jian Council.
  3325 | D:3      | Found a runed door.
  3435 | D:3      | Noticed Crazy Yiuf
  3443 | D:3      | Killed Crazy Yiuf
  3443 | D:3      | Reached XP level 7. HP: 38/44 MP: 7/7
  4461 | D:4      | Reached skill level 6 in Fighting
  4712 | D:5      | Entered Level 5 of the Dungeon
  4774 | D:5      | Reached skill level 5 in Maces & Flails
  4777 | D:5      | Noticed Blork the orc
  4794 | D:5      | Killed Blork the orc
  5159 | D:5      | Reached skill level 1 in Evocations
  5159 | D:5      | Reached XP level 8. HP: 49/52 MP: 8/8
  5562 | D:5      | Noticed Menkaure
  5573 | D:5      | Killed Menkaure
  6321 | D:6      | Found a sacrificial altar of Ru.
  6417 | D:6      | Noticed Prince Ribbit
  6703 | D:6      | Noticed Dowan
  6703 | D:6      | Noticed Duvessa
  6737 | D:7      | Found a shattered altar of Ashenzari.
  6780 | D:7      | Reached skill level 7 in Fighting
  7007 | D:7      | Reached XP level 9. HP: 29/57 MP: 11/11
  7134 | D:7      | Found a sand-covered staircase.
  7139 | Ossuary  | Entered an ossuary
  7953 | D:7      | Found a bloodstained altar of Trog.
  8217 | D:6      | Killed Duvessa
  8234 | D:6      | Killed Dowan
  8279 | D:6      | Found a staircase to the Ecumenical Temple.
  8294 | Temple   | Entered the Ecumenical Temple
  8352 | Temple   | Became a worshipper of Warmaster Okawaru
  8665 | D:6      | Killed Prince Ribbit
  8665 | D:6      | Reached skill level 8 in Fighting
  9393 | D:6      | Reached * piety under Okawaru
  9675 | D:6      | Found a snail-covered altar of Cheibriados.
  9854 | D:6      | Got a translucent chain mail
  9865 | D:6      | Identified the +0 chain mail of Bad Feelings {Str+3} (You
                  | found it on level 6 of the Dungeon)
  9942 | D:8      | Noticed a two-headed ogre
  9977 | D:8      | Killed a two-headed ogre
  9977 | D:8      | Reached ** piety under Okawaru
  9977 | D:8      | Reached skill level 9 in Fighting
  9977 | D:8      | Reached XP level 10. HP: 56/66 MP: 13/13
 10366 | D:8      | Found Feufo's Armour Shoppe.
 10827 | D:9      | Found a glowing silver altar of Zin.
 10827 | D:9      | Noticed an angel
 10852 | D:8      | Reached *** piety under Okawaru
 10852 | D:8      | Reached skill level 10 in Fighting
 11071 | D:9      | Noticed Grum
 11143 | D:9      | Found a flagged portal.
 11201 | Bailey   | Entered a bailey
 11284 | Bailey   | Noticed an orc high priest
 11291 | Bailey   | Found an iron altar of Okawaru.
 11291 | Bailey   | Noticed an orc high priest
 11299 | Bailey   | Killed an orc high priest
 11299 | Bailey   | Reached **** piety under Okawaru
 11299 | Bailey   | Reached skill level 1 in Invocations
 11304 | Bailey   | Killed an orc high priest
 11304 | Bailey   | Reached skill level 11 in Fighting
 11304 | Bailey   | Reached XP level 11. HP: 74/74 MP: 14/14
 11476 | Bailey   | Noticed an orc knight
 11494 | Bailey   | Killed an orc knight
 11494 | Bailey   | Reached skill level 10 in Shields
 11672 | Bailey   | Got a brightly glowing scale mail
 11683 | Bailey   | Identified the cursed +1 scale mail of the King of the Hill
                  | {MR+ Dex+4 Stlth+} (You found it in a bailey)
 12829 | D:9      | Reached ***** piety under Okawaru
 12830 | D:9      | Found a staircase to the Orcish Mines.
 12971 | D:9      | Found a shimmering altar of Xom.
 13000 | D:9      | Killed Grum
 13536 | D:9      | Found a radiant altar of Vehumet.
 13687 | D:10     | Entered Level 10 of the Dungeon
 13719 | Orc:1    | Entered Level 1 of the Orcish Mines
 13777 | Orc:1    | Found a radiant altar of Vehumet.
 13830 | Orc:1    | Found Damo's Antique Armour Shoppe.
 13839 | Orc:1    | Bought a glowing cloak for 225 gold pieces
 13919 | Orc:1    | Noticed an orc sorcerer
 13926 | Orc:1    | Paralysed by an orc sorcerer for 6 turns
 13943 | Orc:1    | Killed an orc sorcerer
 14312 | Orc:2    | Entered Level 2 of the Orcish Mines
 14312 | Orc:2    | Noticed an orc high priest
 14329 | Orc:1    | Killed an orc high priest
 14329 | Orc:1    | Reached skill level 12 in Fighting
 14881 | Orc:2    | Found a staircase to the Elven Halls.
 15014 | Orc:2    | Found Roshianta's Assorted Antiques.
 15250 | Orc:2    | Noticed Nessos
 15299 | Orc:2    | Killed Nessos
 15598 | Orc:2    | Noticed an orc knight
 15966 | Orc:2    | Killed an orc knight
 15966 | Orc:2    | Received a gift from Okawaru
 15966 | Orc:2    | Reached skill level 5 in Invocations
 15966 | Orc:2    | Reached XP level 12. HP: 82/82 MP: 15/15
 15967 | Orc:2    | Noticed an orc high priest
 16012 | Orc:2    | Killed an orc high priest
 17002 | Orc:2    | Reached skill level 13 in Fighting
 17090 | Orc:2    | Reached skill level 10 in Maces & Flails
 17245 | Orc:2    | Noticed an orc high priest
 17245 | Orc:2    | Noticed an orc high priest
 17343 | Orc:2    | Noticed a soul eater
 17580 | Orc:2    | Killed an orc high priest
 17749 | Orc:2    | Noticed an orc high priest
 17955 | Orc:2    | Killed an orc high priest
 18197 | Orc:2    | Killed an orc high priest
 18542 | Orc:2    | Noticed an orc high priest
 18587 | Orc:2    | Killed an orc high priest
 18927 | Orc:2    | Found Luwn's Antique Armour Boutique.
 18930 | Orc:2    | Found Xoxuaxt's Food Shop.
 18931 | Orc:2    | Found Olosaun's Jewellery Boutique.
 18932 | Orc:2    | Found Jirphoz's Weapon Boutique.
 18940 | Orc:2    | Bought a +3 morningstar for 294 gold pieces
 19348 | D:10     | Noticed a two-headed ogre
 19355 | D:10     | Killed a two-headed ogre
 19548 | D:10     | Noticed Fannar
 19555 | D:10     | Found a staircase to the Lair.
 19570 | D:10     | Killed Fannar
 19710 | D:10     | Reached skill level 14 in Fighting
 20285 | D:10     | Reached XP level 13. HP: 54/90 MP: 18/18
 20727 | D:11     | Found Enoczes's Magic Scroll Emporium.
 21011 | D:11     | Noticed Erica
 21025 | D:11     | Killed Erica
 21625 | D:11     | Got an ominously black robe
 21636 | D:11     | Identified the +1 robe "Tideri" {Str+2 Dex+4} (You found it
                  | on level 11 of the Dungeon)
 21898 | D:12     | Received a gift from Okawaru
 22793 | D:13     | Noticed Josephine
 22810 | D:12     | Killed Josephine
 23105 | D:13     | Identified the ring of Buel Fur {*Tele Str-5 Int+7 Dex+4}
 23113 | D:13     | Reached skill level 15 in Fighting
 23360 | D:13     | Identified the amulet of Myats {+Blink +Rage rF- Int+6}
 23883 | D:13     | Noticed Urug
 23906 | D:13     | Killed Urug
 23908 | D:13     | Noticed a vault guard
 24335 | D:13     | Killed a vault guard
 24470 | D:13     | Received a gift from Okawaru
 24486 | D:13     | Got a dazzling long sword {god gift}
 24493 | D:13     | Identified the +8 long sword of Spores {slice, *Drain +Inv
                  | rC+ Str+2} (Okawaru gifted it to you on level 13 of the
                  | Dungeon)
 24514 | D:13     | Noticed a vault guard
 24667 | D:13     | Gained mutation: Your large and strong wings let you fly
                  | indefinitely. [Gargoyle growth]
 24667 | D:13     | Reached XP level 14. HP: 56/98 MP: 19/19
 25376 | D:13     | Found a gate to the Vaults.
 26029 | D:14     | Found a shattered altar of Ashenzari.
 26061 | D:14     | Reached skill level 16 in Fighting
 26241 | D:14     | Received a gift from Okawaru
 26708 | D:15     | Entered Level 15 of the Dungeon
 26762 | D:15     | Reached ****** piety under Okawaru
 26788 | D:15     | Received a gift from Okawaru
 26808 | D:15     | Found a frozen archway.
 26829 | IceCv    | Entered an ice cave
 27090 | IceCv    | Reached XP level 15. HP: 103/105 MP: 20/20
 27233 | IceCv    | Found an ancient bone altar of Kikubaaqudgha.
 28322 | D:15     | Reached skill level 15 in Shields
 28323 | D:15     | Found a staircase to the Depths.
 28503 | D:15     | Reached skill level 17 in Fighting
 28907 | Lair:1   | Entered Level 1 of the Lair of Beasts
 29004 | Lair:1   | Received a gift from Okawaru
 29359 | Lair:1   | Got a dull robe
 29370 | Lair:1   | Identified the +0 robe of Duong {Int+4 Stlth+} (You found
                  | it on level 1 of the Lair of Beasts)
 30347 | Lair:2   | Found a shimmering altar of Xom.
 30740 | Lair:3   | Found a staircase to the Snake Pit.
 31015 | Lair:3   | Received a gift from Okawaru
 31452 | Lair:4   | Found a staircase to the Swamp.
 31502 | Lair:4   | Noticed Sonja
 31603 | Lair:4   | Killed Sonja
 32642 | Lair:5   | Reached XP level 16. HP: 86/113 MP: 21/21
 32931 | Lair:6   | Entered Level 6 of the Lair of Beasts
 32952 | Lair:5   | Got a pearl-encrusted leather armour
 32963 | Lair:5   | Identified the +4 leather armour "Fegiof" {Dex+2} (You
                  | found it on level 5 of the Lair of Beasts)
 34038 | Lair:6   | Reached skill level 18 in Fighting
 34284 | Lair:6   | Found a runed door.
 34284 | Lair:6   | Found a viscous altar of Jiyva.
 34284 | Lair:6   | Found a staircase to the Slime Pits.
 34284 | Lair:6   | Noticed an azure jelly
 34284 | Lair:6   | Noticed an azure jelly
 34284 | Lair:6   | Noticed an azure jelly
 34297 | Lair:6   | Killed an azure jelly
 34305 | Lair:6   | Killed an azure jelly
 34305 | Lair:6   | Received a gift from Okawaru
 34305 | Lair:6   | Reached skill level 15 in Maces & Flails
 34315 | Lair:6   | Killed an azure jelly
 35407 | Snake:1  | Entered Level 1 of the Snake Pit
 35478 | Snake:1  | Shot with a bolt by a naga sharpshooter

Vault maps used:
D:1:      ebering_trefoil_3fold, minmay_misc_feat_iff
D:2:      nemelex_altar_shiori, nemelex_diamond_rough_becter
D:3:      lemuel_round_altar, first_ration, gammafunk_ghost_nasty_kobolds,
          uniq_ijyb, uniq_sigmund, uniq_crazy_yiuf_cottage
D:5:      uniq_menkaure, uniq_blork_the_orc
D:6:      marbit_many_paths, kennysheep_mini_moat,
          minmay_temple_entry_mini_moons, centaur_isle, uniq_prince_ribbit1,
          uniq_duvessa
D:7:      ashenzari_conservatory_becter, nicolae_overflow_crystal_walls,
          nicolae_ossuary_entry_giza
D:8:      serial_shops, shop_statue
D:9:      grunt_temple_overflow_order_and_chaos_1, vehumet_statue, david_orc_3,
          enter_bailey_2, the_bakery, uniq_grum
D:10:     dpeg_oklobed_lair, uniq_fannar
D:11:     serial_shops, kennysheep_little_box, uniq_erica
D:13:     minmay_the_grid_net, lightli_vaults_fourway_checkpoint,
          uniq_josephine, uniq_urug
D:14:     serial_park_square1, ashenzari_altar_1
D:15:     grunt_enter_depths_hoard, portal_ice_cave_demonic_guard,
          minmay_misc_feat_pillars
Temple:   cyrus_circular_temple
Lair:2:   basic_altar, serial_bayou_shore_a
Lair:3:   minmay_snake_entry_guardpost_small, infiniplex_staircase_pool,
          serial_bayou_shore_b
Lair:4:   skrybe_swamp_entry_bodies, grunt_megastairs_2, serial_bayou_shore_b,
          uniq_sonja
Lair:5:   cheibrodos_magma_flow, gammafunk_lair_bear_cave, grunt_megastairs_5
Lair:6:   due_jungle_book, slime_altar_2
Orc:1:    basic_altar, serial_shops, shop_statue, nicolae_orc_sculptors_studio,
          guppyfry_library_mini
Orc:2:    st_orc_pillars, serial_shops, shop, uniq_nessos
Ossuary:  ossuary_kennysheep_city_of_the_dead
Bailey:   bailey_axe_of_yendor_kennysheep, bailey
IceCv:    ice_cave_small_necro

Skill      XL: |  1  2  3  4  5  6  7  8  9 10 11 12 13 14 15 16 |
---------------+-------------------------------------------------+-----
Fighting       | 4 5 6 7 9 11 12 14 15 16 17 18 | 18.2
Shields        | 4 5 6 7 8 9 10 11 13 14 15 16 | 16.5
Maces & Flails | 3 4 5 6 7 8 9 10 12 13 14 15 | 15.2
Evocations     | 1 3 4 |  4.7
Invocations    | 2 5 7 |  7.3
Armour         | |  3.6

Action                   |  1- 3 |  4- 6 |  7- 9 | 10-12 | 13-15 | 16-18 || total
-------------------------+-------+-------+-------+-------+-------+-------++-------
Melee: Flail             |   141 |   207 |   608 |   876 |       |       ||  1832
       Whip              |       |       |       |   135 |       |       ||   135
       Morningstar       |       |       |       |   126 |   706 |       ||   832
       Eveningstar       |       |       |       |       |   722 |   240 ||   962
Invok: Heroism           |       |       |       |    18 |    10 |     1 ||    29
       Finesse           |       |       |       |     7 |     7 |     1 ||    15
 Abil: Evoke Berserk Rag |       |       |     4 |    19 |     6 |       ||    29
       Evoke Flight      |       |       |     3 |     2 |       |       ||     5
       Fly               |       |       |       |       |       |     1 ||     1
Evoke: Wand              |       |     3 |    15 |     4 |       |       ||    22
  Use: Scroll            |       |     1 |    12 |    11 |    21 |     4 ||    49
       Potion            |       |       |     4 |     1 |       |       ||     5
 Stab: Sleeping          |       |       |       |     3 |     2 |       ||     5
       Distracted        |       |       |       |     1 |       |       ||     1
       Petrified         |       |       |       |       |     7 |       ||     7
  Eat: Chunk             |       |     8 |    12 |    38 |    34 |     5 ||    97
       Ration            |       |       |     4 |     6 |     5 |     1 ||    16
Armor: Scale mail        |    94 |   122 |   280 |   266 |   120 |       ||   882
       Chain mail        |       |       |     2 |    99 |   578 |   142 ||   821
Dodge: Dodged            |    61 |    71 |   160 |   217 |   319 |    58 ||   886
Block: Shield            |   103 |    99 |   423 |   687 |  1147 |   213 ||  2672
       Reflection        |       |       |       |       |    25 |     4 ||    29

Table legend:
 A = Non-vault XP
 B = Vault XP
 C = Vault XP percentage of total XP
 D = Non-vault monster count
 E = Vault monster count
 F = Vault count percentage of total count
                 A         B        C        D         E       F
            +---------+---------+-------+---------+---------+-------
      Total |   99209 |   59295 |  37.4 |     546 |     284 |  34.2
            +---------+---------+-------+---------+---------+-------
        D:1 |      40 |       0 |   0.0 |      25 |       0 |   0.0
        D:2 |     138 |      36 |  20.7 |      34 |       1 |   2.9
        D:3 |     149 |     262 |  63.7 |      15 |       2 |  11.8
        D:4 |     326 |       0 |   0.0 |      20 |       0 |   0.0
        D:5 |     437 |     266 |  37.8 |      14 |       2 |  12.5
        D:6 |     361 |    1178 |  76.5 |      11 |      10 |  47.6
        D:7 |     901 |      20 |   2.2 |      21 |       3 |  12.5
        D:8 |    2696 |       0 |   0.0 |      16 |       0 |   0.0
        D:9 |    1123 |    1043 |  48.2 |      15 |      10 |  40.0
       D:10 |    2787 |    1543 |  35.6 |      29 |       2 |   6.5
       D:11 |    1724 |     929 |  35.0 |      16 |       1 |   5.9
       D:12 |    3210 |    2073 |  39.2 |      32 |       6 |  15.8
       D:13 |    8125 |   14946 |  64.8 |      41 |      33 |  44.6
       D:14 |   13154 |    1515 |  10.3 |      41 |       4 |   8.9
       D:15 |   14977 |    2717 |  15.4 |      39 |       4 |   9.3
     Lair:1 |    2409 |       0 |   0.0 |      10 |       0 |   0.0
     Lair:2 |    4894 |       0 |   0.0 |      23 |       0 |   0.0
     Lair:3 |    7610 |     615 |   7.5 |      32 |       4 |  11.1
     Lair:4 |    3686 |    1174 |  24.2 |      12 |       6 |  33.3
     Lair:5 |    8941 |    2111 |  19.1 |      28 |      12 |  30.0
     Lair:6 |   15770 |    6520 |  29.3 |      40 |       4 |   9.1
    Snake:1 |    2488 |       0 |   0.0 |       5 |       0 |   0.0
      Orc:1 |    1686 |     976 |  36.7 |      11 |      10 |  47.6
      Orc:2 |    1577 |   11087 |  87.5 |      16 |      59 |  78.7
    Ossuary |       0 |     300 | 100.0 |       0 |      15 | 100.0
     Bailey |       0 |    3586 | 100.0 |       0 |      42 | 100.0
      IceCv |       0 |    6398 | 100.0 |       0 |      54 | 100.0
            +---------+---------+-------+---------+---------+-------
